 Dungeon Crawl Stone Soup version 0.30.0-10-gfe55d96785 (webtiles) character file.

Game seed: 6890289507141948754

687 monsoonserge the Trooper (level 7, -1/74 HPs)
             Began as an Ogre Cinder Acolyte on May 15, 2023.
             Was a High Priest of Ignis.
             Slain by a phantom (7 damage)
             ... on level 5 of the Dungeon.
             The game lasted 00:17:03 (4577 turns).

monsoonserge the Trooper (Ogre Cinder Acolyte)      Turns: 4577, Time: 00:17:05

Health: -1/74      AC:  3    Str: 21    XL:     7   Next: 62%
Magic:  10/10      EV:  9    Int: 15    God:    Ignis [*****.]
Gold:   209        SH:  0    Dex:  4    Spells: 8/10 levels left

rFire   + . .        r - +1 whip (venom)
rCold   . . .        (no shield)
rNeg    . . .        b - +0 robe
rPois   .            (helmet restricted)
rElec   .            (no cloak)
rCorr   .            (gloves unavailable)
SInv    .            (boots unavailable)
Will    .....        (no amulet)
Stlth   +            t - ring of flight
HPRegen 0.32/turn    (no ring)
MPRegen 0.12/turn

%: no passive effects
@: flying
A: large, unfitting armour, tough skin 1
a: Renounce Religion, Fiery Armour, Foxfire Swarm, Rising Flame


You were on level 5 of the Dungeon.
You worshipped Ignis.
Ignis was extremely pleased with you.
You visited 1 branch of the dungeon, and saw 5 of its levels.

You collected 251 gold pieces.
You spent 42 gold pieces at shops.

Inventory:

Hand Weapons
 a - a -1 hand axe of flaming
 r - a +1 whip of venom (weapon)
 u - a +0 shortbow
Missiles
 o - 3 boomerangs (quivered)
Armour
 b - a +0 robe (worn)
Jewellery
 t - a ring of flight (left hand)
Scrolls
 d - 3 scrolls of teleportation
 f - 2 scrolls of vulnerability {unknown}
 j - a scroll of noise {unknown}
 k - a scroll of magic mapping {unknown}
 m - a scroll of torment {unknown}
 p - 2 scrolls of identify {unknown}
 q - a scroll of amnesia {unknown}
 v - a scroll of fear {unknown}
Potions
 c - a potion of resistance {unknown}
 e - 2 potions of heal wounds
 g - a potion of brilliance {unknown}
 h - a potion of degeneration {unknown}
 i - a potion of curing
 l - a potion of flight {unknown}
 n - a potion of might {unknown}
 s - a potion of attraction {unknown}


   Skills:
 + Level 5.7 Fighting
 + Level 4.3(4.9) Axes
 + Level 2.8(3.9) Maces & Flails
 - Level 1.2(3.1) Polearms
 + Level 1.1(2.5) Staves
 + Level 0.8 Throwing
 + Level 2.6 Dodging
 - Level 2.0 Spellcasting
 + Level 4.3 Fire Magic


You had 8 spell levels left.
You knew the following spells:

 Your Spells              Type           Power      Damage    Failure   Level
a - Scorch                Fire           28%        2d6       5%          2

Your spell library contained the following spells:

 Spells                   Type           Power      Damage    Failure   Level
 Cigotuvi's Dreadful Rot  Necr/Pois/Air  2%         N/A       32%         2
 Ignite Poison            Fire/Tmut/Pois 5%         N/A       36%         3
 Summon Guardian Golem    Hex/Summ       1%         N/A       54%         3
 Fireball                 Conj/Fire      4%         3d4       94%         5
 Freezing Cloud           Conj/Ice/Air   0%         6-21      99%         5
 Iskenderun's Battlesphe  Conj           1%         2d6       99%         5
 Conjure Ball Lightning   Conj/Air       0%         3x3d6     100%        6
 Orb of Destruction       Conj           0%         9d5       100%        7
 Spellforged Servitor     Conj/Summ      0%         N/A       100%        7


Dungeon Overview and Level Annotations

Branches:
Dungeon (5/15)             Temple (0/1) D:4

Altars:
Dithmenos
Kikubaaqudgha
Qazlal
Ru
Sif Muna
Xom
Zin

Shops:
D:1 ?   D:2 =

Annotations:
D:3 1 runed translucent door, cheesebisquit's ghost, amateur DrFE


Innate Abilities, Weirdness & Mutations

You are too large for most types of armour.
You have tough skin. (AC +1)


Message History

The phantom is moderately damaged.
The foxfire hits the orc but does no damage.
The orc is lightly wounded.
The foxfire hits the scorpion but does no damage.
The foxfire hits the orc but does no damage.
The orc is lightly wounded.
The foxfire hits the phantom.
The phantom is heavily damaged.
The foxfire hits the phantom but does no damage.
The phantom is heavily damaged.
The foxfire hits the orc.
The orc is almost dead.
The foxfire hits the orc.
You kill the orc!
The foxfire hits the phantom.
The phantom is heavily damaged.
The foxfire hits the scorpion.
The scorpion is moderately wounded.
The foxfire hits the scorpion but does no damage.
The scorpion is moderately wounded.
The foxfire hits the phantom.
The phantom is severely damaged.
The foxfire hits the scorpion but does no damage.
The scorpion is moderately wounded.
The foxfire hits the phantom.
The phantom is almost destroyed.
The foxfire hits the phantom but does no damage.
The phantom is almost destroyed.
The foxfire hits the phantom but does no damage.
The phantom is almost destroyed.
The foxfire hits the scorpion but does no damage.
The scorpion is moderately wounded.
The foxfire hits the scorpion.
The scorpion is heavily wounded.
The foxfire hits the phantom.
The phantom is almost destroyed.
The foxfire hits the phantom.
The phantom is almost destroyed.
The phantom hits you!
You die...

#+##+###### #..........#
#.........!#
#..........######### ##
+..........'........ )>
#.........§######.## #. .
#......s)§§######. #. ..
#.......@.........######. ...
#.....§§.W............... ....
#.....§§...#........####.
.....#......§...#........+....
.....s..........#........###..
................#........ #..
.........########........ #..
.....###..§.# #........ #..
..... ####.# #........ #..


You could see a phantom and a scorpion.

Vanquished Creatures
  A black bear (D:5)
  A centaur (D:5)
  A phantom (D:4)
  A scorpion (D:5)
  A hound (D:4)
  2 orc priests
  A sleepcap (D:4)
  Jessica (D:3)
  An iguana (D:4)
  2 orc wizards (D:3)
  2 adders
  4 gnolls (D:4)
  A worm (D:3)
  2 dart slugs (D:3)
  14 orcs
  3 bats
  7 endoplasms
  5 giant cockroaches
  8 goblins
  9 hobgoblins
  8 kobolds
  5 quokkas
  5 ball pythons
  6 frilled lizards
  10 rats
101 creatures vanquished.

Vanquished Creatures (others)
  21 foxfires (D:5)
21 creatures vanquished.

Grand Total: 122 creatures vanquished

Notes
Turn   | Place    | Note
-------+----------+-------------------------------------------
     0 | D:1      | monsoonserge the Ogre Cinder Acolyte began the quest for
                  | the Orb.
     0 | D:1      | Reached XP level 1. HP: 24/24 MP: 2/2
   102 | D:1      | Reached XP level 2. HP: 32/32 MP: 3/3
   331 | D:1      | Learned a level 2 spell: Scorch
   411 | D:1      | Reached XP level 3. HP: 29/40 MP: 4/4
   815 | D:1      | Found a faded altar of an unknown god.
   819 | D:1      | Found Icvom's Magic Scroll Shop.
   827 | D:1      | Bought a scroll of teleportation for 42 gold pieces
  1157 | D:2      | Found an ancient bone altar of Kikubaaqudgha.
  1375 | D:2      | Found Imnit's Jewellery Emporium.
  1628 | D:3      | Reached XP level 4. HP: 47/49 MP: 5/5
  1733 | D:3      | Found a runed translucent door.
  1738 | D:3      | Noticed cheesebisquit's ghost (amateur DrFE)
  1752 | D:3      | Found a glowing silver altar of Zin.
  1805 | D:3      | Reached skill level 1 in Dodging
  1953 | D:3      | Reached skill level 1 in Maces & Flails
  2068 | D:3      | Reached XP level 5. HP: 11/55 MP: 1/6
  2086 | D:3      | Reached skill level 5 in Fighting
  2086 | D:3      | Reached skill level 1 in Polearms
  2383 | D:3      | Noticed Jessica
  2385 | D:3      | Killed Jessica
  2496 | D:3      | Found a shadowy altar of Dithmenos.
  2575 | D:3      | Identified the +3 ring mail of Weweimec {Str+3}
  2972 | D:4      | Reached XP level 6. HP: 3/66 MP: 2/9
  2972 | D:4      | HP: 2/66 [poisoned by a gnoll]
  3279 | D:4      | Reached skill level 1 in Staves
  3635 | D:4      | Found a staircase to the Ecumenical Temple.
  3820 | D:4      | Found a stormy altar of Qazlal.
  3968 | D:4      | Found a shimmering altar of Xom.
  3970 | D:4      | Found a shimmering blue altar of Sif Muna.
  3970 | D:4      | Found a broken altar of Ashenzari.
  4011 | D:4      | Found a shadowy altar of Dithmenos.
  4011 | D:4      | Found an ancient bone altar of Kikubaaqudgha.
  4011 | D:4      | Found a sacrificial altar of Ru.
  4045 | D:5      | Entered Level 5 of the Dungeon
  4067 | D:5      | Reached XP level 7. HP: 49/72 MP: 10/10
  4577 | D:5      | Slain by a phantom

Illustrated notes

Levels and vault maps discovered:
D:1:      nzn_arrival_crosshair, layout_basic,
          shapermc_ecumenical_altar_pompeii, serial_shops,
          nicolae_shop_tiny_statue_garden, ebering_dispersal_statue_hall
D:2:      layout_basic, serial_shops, shop, basic_altar, minmay_misc_feat_tower
D:3:      layout_loops_ring, zin_statuary, nicolae_dithmenos_the_darkroom,
          ebering_ghost_reflecting_pool, dreamdust_wishing_well, st_stairs_6,
          uniq_jessica
D:4:      layout_loops_cross, doesnt_xom_only_xom, kennysheep_mini_moat,
          minmay_temple_entry_gardened_gates, st_stairs_5, nrook_loot_triangle,
          minmay_crystal_room
D:5:      layout_basic

Skill      XL: |  1  2  3  4  5  6  7 |
---------------+----------------------+-----
Fire Magic     | 3 4 |  4.3
Dodging        | 1 2 |  2.6
Maces & Flails | 1 2 |  2.8
Axes           | 4 |  4.3
Fighting       | 5 |  5.7
Polearms       | 1 |  1.2
Spellcasting   | 2 |  2.0
Staves         | 1 |  1.1
Throwing       | |  0.8

Action                     |  1- 3 |  4- 6 |  7- 9 || total
---------------------------+-------+-------+-------++-------
  Melee: Hand axe          |   154 |    91 |       ||   245
         Punch             |     1 |     1 |     1 ||     3
         Whip              |       |    68 |    36 ||   104
  Throw: Boomerang         |       |     7 |     9 ||    16
   Cast: Scorch            |       |    22 |       ||    22
 Invoke: Fiery Armour      |       |     1 |       ||     1
         Foxfire Swarm     |       |       |     1 ||     1
    Use: Potion            |       |     1 |     1 ||     2
 Armour: Robe              |    63 |    32 |     8 ||   103
  Dodge: Dodged            |    76 |    71 |    18 ||   165
